Map: Lightshade LE

Players

Has

  • Race: Protoss Protoss
  • Spawn Location: 5:00

Dream - Winner!

  • Race: Terran Terran
  • Spawn Location: 11:00

Event: IEM Katowice 2021

VOD

Have the link to the VOD?

Description

Time

  • Played on: Feb. 20, 2021, 10:40 a.m.
  • Length: 9:11

All games in this series

Show
View Real Time Build Order
Export as new Build Order

Has Protoss 

Build Orders: 1 Gate Expand 

Get SALT Encoding   

  12  0:00  Probe  
  13  0:12  Probe  
  14  0:19  Pylon  
  14  0:24  Probe (Chrono Boost)  
  15  0:38  Gateway  
  15  0:39  Probe (Chrono Boost)  
  16  0:45  Probe (Chrono Boost)  
  16  0:47  Assimilator  
  17  0:53  Probe  
  18  1:05  Probe  
  19  1:17  Probe  
  20  1:22  Nexus  
  20  1:32  Cybernetics Core  
  20  1:35  Probe  
  21  1:41  Assimilator  
  21  1:46  Pylon  
  21  1:50  Probe  
  22  2:02  Probe  
  22  2:05  Stalker (Chrono Boost)  
  25  2:08  Warp Gate (Chrono Boost)  
  25  2:14  Probe  
  26  2:23  Twilight Council  
  26  2:26  Probe (Chrono Boost)  
  26  2:34  Probe (Chrono Boost)  
  27  2:38  Probe (Chrono Boost)  
  27  2:43  Stalker, Gateway  
  31  2:50  Pylon  
  30  2:55  Gateway  
  30  3:04  Pylon  
  30  3:13  Stalker  
  30  3:18  Shield Battery  
  32  3:25  Probe x2  
  34  3:32  Pylon  
  34  3:38  Probe x2  
  36  3:43  Stargate  
  36  3:50  Gateway  
  36  3:57  Adept x2  
  36  3:59  Adept  
  36  4:02  Probe  
  43  4:05  Probe  
  41  4:14  Probe  
  40  4:23  Stalker  
  40  4:24  Stalker  
  42  4:33  Oracle (Chrono Boost)  
  42  4:38  Probe  
  45  4:41  Probe  
  46  4:50  Probe (Chrono Boost)  
  47  4:53  Probe (Chrono Boost)  
  49  5:01  Probe (Chrono Boost), Twilight Council  
  49  5:10  Probe  
  49  5:11  Probe  
  51  5:15  Oracle  
  54  5:23  Probe  
  55  5:29  Stalker x2  
  55  5:31  Probe  
  55  5:35  Probe  
  56  5:43  Probe (Chrono Boost)  
  56  5:46  Dark Shrine  
  58  5:51  Probe (Chrono Boost)  
  58  5:55  Probe (Chrono Boost)  
  59  6:01  Probe (Chrono Boost)  
  59  6:02  Probe (Chrono Boost)  
  65  6:11  Probe  
  65  6:13  Pylon  
  65  6:15  Probe  
  66  6:21  Phoenix  
  66  6:23  Probe  
  66  6:24  Nexus  
  66  6:27  Probe, Charge (Chrono Boost)  
  64  6:35  Pylon, Probe  
  64  6:39  Probe  
  66  6:41  Gateway  
  66  6:47  Probe, Phoenix (Chrono Boost)  
  69  6:58  Probe  
  69  6:59  Probe  
  68  7:04  Forge  
  68  7:08  Phoenix (Chrono Boost)  
  70  7:10  Probe  
  70  7:11  Zealot x3  
  70  7:14  Zealot  
  79  7:23  Probe x2  
  79  7:27  Phoenix (Chrono Boost)  
  83  7:31  Sentry  
  83  7:34  Pylon  
  83  7:35  Zealot  
  83  7:36  Zealot x2  
  91  7:44  Gateway  
  91  7:53  Phoenix (Chrono Boost)  
  91  7:57  Probe x2  
  95  8:03  Zealot x5  
  105  8:09  Gateway  
  101  8:24  Zealot x3  
  101  8:25  Zealot x2  
  103  8:28  Pylon  
  103  8:29  Pylon  
  103  8:46  Probe  
  103  8:47  Phoenix (Chrono Boost)  
  106  8:53  Zealot x4  
  106  8:55  Zealot  
Show
View Real Time Build Order
Export as new Build Order

Dream Terran - Winner!

Build Orders: Reaper Expand 

Get SALT Encoding   

  12  0:00  SCV  
  13  0:12  SCV  
  14  0:17  Supply Depot  
  14  0:24  SCV  
  15  0:38  SCV  
  15  0:40  Barracks  
  16  0:43  Refinery  
  16  0:50  SCV  
  17  1:02  SCV  
  18  1:14  SCV  
  19  1:26  Reaper  
  19  1:27  Orbital Command  
  20  1:38  Command Center  
  20  1:48  Supply Depot  
  20  1:52  SCV  
  21  1:59  Marine  
  22  2:08  Factory  
  22  2:09  Bunker  
  22  2:14  SCV  
  23  2:20  Refinery  
  23  2:21  Barracks Reactor  
  23  2:26  SCV  
  24  2:38  SCV  
  25  2:50  SCV  
  26  2:51  Hellion  
  26  2:52  Orbital Command  
  26  2:54  Starport  
  28  3:00  Marine  
  28  3:01  Marine  
  28  3:02  SCV  
  31  3:14  SCV  
  31  3:15  Hellion  
  31  3:18  SCV  
  35  3:23  Marine  
  35  3:24  Marine  
  35  3:26  SCV  
  38  3:30  Bunker  
  38  3:33  Supply Depot  
  38  3:35  Medivac  
  38  3:37  Hellion, SCV  
  38  3:38  SCV  
  44  3:45  Engineering Bay  
  44  3:47  Marine x2  
  46  3:54  Supply Depot  
  46  3:58  SCV x2  
  46  4:00  Factory Tech Lab  
  48  4:05  Marine  
  48  4:12  SCV x2, Marine  
  48  4:13  Missile Turret  
  50  4:24  SCV  
  50  4:25  Marine  
  50  4:28  Siege Tank  
  50  4:30  Marine  
  51  4:31  Starport Tech Lab  
  51  4:32  SCV  
  51  4:33  Terran Infantry Weapons Level 1  
  51  4:36  SCV  
  53  4:43  Marine  
  54  4:48  Marine  
  54  4:51  SCV x2  
  56  4:56  Raven  
  56  4:59  Supply Depot  
  58  5:02  Marine  
  58  5:03  SCV x2  
  58  5:06  Marine  
  61  5:16  Supply Depot  
  61  5:19  Supply Depot  
  61  5:20  SCV x2  
  61  5:21  Siege Tank  
  65  5:24  Marine x2  
  66  5:32  SCV x2  
  68  5:38  Viking  
  68  5:43  Marine x2  
  68  5:44  SCV x2  
  70  5:53  Barracks  
  70  5:56  SCV x2  
  72  5:59  Siege Tank  
  75  6:08  SCV x2  
  79  6:12  Command Center  
  79  6:14  Barracks  
  79  6:17  Refinery  
  79  6:18  Refinery, Missile Turret  
  77  6:20  SCV x2  
  77  6:23  Marine  
  79  6:28  Terran Infantry Armor Level 1  
  79  6:32  Stimpack, SCV x2  
  79  6:40  Starport Reactor  
  79  6:41  Marine  
  79  6:44  SCV x2  
  82  6:48  Barracks x2  
  82  6:53  Marine  
  82  6:56  SCV  
  82  6:57  SCV  
  82  6:58  Combat Shield  
  84  7:03  Factory Reactor  
  84  7:04  Supply Depot  
  84  7:05  Supply Depot  
  84  7:06  Marine x2  
  86  7:08  Supply Depot  
  86  7:16  Supply Depot  
  86  7:24  Medivac x2, SCV x2  
  86  7:25  Orbital Command  
  86  7:28  Marauder x2, Marine x2  
  98  7:36  SCV x2  
  100  7:39  Barracks Reactor  
  100  7:41  Widow Mine x2, Missile Turret  
  100  7:43  Missile Turret  
  104  7:45  Barracks Tech Lab  
  104  7:48  SCV x2  
  104  7:49  Marine x2  
  107  7:52  Marauder  
  107  7:57  Medivac x2  
  112  8:00  SCV  
  112  8:01  Marauder  
  112  8:02  Orbital Command  
  112  8:03  Concussive Shells, Supply Depot  
  115  8:07  Supply Depot  
  115  8:10  Widow Mine x2  
  119  8:14  Marine x2  
  120  8:25  Marauder x2  
  124  8:30  SCV x2  
  124  8:33  Medivac x2, Widow Mine  
  124  8:34  Widow Mine  
  134  8:41  Marine x2  
  134  8:46  Missile Turret  
  136  8:49  Refinery  
  136  8:50  SCV x3  
  136  8:54  Refinery  
  143  9:01  Ghost Academy  

Tags
 
Add a new tag
Caveats
  • Supply blocks, unpowered buildings, or Contaminate may cause inaccurate times.
  • Supply counts are checked every 10 seconds.